 Dungeon Crawl Stone Soup version 0.18.1-48-g4cf74bf (webtiles) character file.

49 mopl the Conjurer (level 3, 0/18 HPs)
             Began as a Vine Stalker Wanderer on Aug 31, 2016.
             Slain by ThereIsNoGod's ghost (8 damage)
             ... on level 3 of the Dungeon.
             The game lasted 00:02:00 (1023 turns).

mopl the Conjurer (Vine Stalker Wanderer)           Turns: 1023, Time: 00:02:00

Health: 0/18       AC:  3    Str: 14    XL:     3   Next: 75%
Magic:  0/5        EV: 11    Int: 14    God:
Gold:   130        SH:  3    Dex: 12    Spells: 0 memorised, 4 levels left

rFire  . . .     SeeInvis .     a - +2 short sword
rCold  . . .     Gourm    .     d - +0 robe
rNeg   . . .     Faith    .     (no shield)
rPois  .         Spirit   +     (no helmet)
rElec  .         Dismiss  .     (no cloak)
rCorr  .         Reflect  +     (no gloves)
SustAt .         Harm     .     m - +0 pair of boots
MR     .....                    t - +3 amulet of reflection
Stlth  ++........               (no ring)
                                (no ring)

@: not resistant to hostile enchantments, unstealthy
A: fangs 2, regeneration 1, magic shield, antimagic bite, no device heal 3, rot
immunity
a: no special abilities


You were on level 3 of the Dungeon.
You were not hungry.

You visited 1 branch of the dungeon, and saw 3 of its levels.

You collected 130 gold pieces.

Inventory:

Hand Weapons
 a - a +2 short sword (weapon)
 e - a +0 dagger
Missiles
 v - 7 javelins (quivered)
Armour
 d - a +0 robe (worn)
 m - a +0 pair of boots (worn)
Jewellery
 t - a +3 amulet of reflection (around neck)
Scrolls
 h - 2 scrolls of remove curse {unknown}
 i - 2 scrolls of enchant armour {unknown}
 k - 4 scrolls of identify {unknown}
 l - a scroll of immolation {unknown}
 o - 2 scrolls of random uselessness {unknown}
 q - 2 scrolls of teleportation {unknown}
 r - a scroll of recharging {unknown}
 s - 2 scrolls of magic mapping {unknown}
 u - a scroll of fear {unknown}
 w - a scroll of noise {unknown}
Potions
 c - 3 potions of curing
 g - 3 potions of brilliance {unknown}
 j - a potion of agility {unknown}
 p - a potion of cure mutation {unknown}
 z - a potion of degeneration {unknown}
Books
 b - the Grimoire of Transmutation

   Spells                             Type                      Level
   a - Passwall                       Transmutation/Earth          2
   b - Sticks to Snakes               Transmutation                2
Comestibles
 f - 2 bread rations
 n - a meat ration
 x - a fruit


   Skills:
 + Level 1.8 Fighting
 + Level 1.7 Short Blades
 + Level 1.4 Throwing
 - Level 1.0 Dodging
 + Level 2.9 Stealth
 - Level 1.1 Spellcasting
   Level 3.0 Conjurations
   Level 1.0 Charms


You had 4 spell levels left.
You didn't know any spells.

Dungeon Overview and Level Annotations

Branches:
Dungeon (3/15)

Altars:

Annotations:
D:3 ThereIsNoGod's ghost, weakling MiGl


Innate Abilities, Weirdness & Mutations

You have extremely sharp teeth.
Your natural rate of healing is unusually fast.
When hurt, damage is shared between your health and your magic reserves.
Your bite disrupts and absorbs the magic of your enemies.
Potions and wands cannot restore your health.
You are immune to rotting.


Message History

You block the hobgoblin's attack.
You barely miss the hobgoblin. You bite the hobgoblin. You drain its power.
The hobgoblin is almost dead.
The hobgoblin hits you but does no damage.
You hit the hobgoblin.
You kill the hobgoblin!
ThereIsNoGod's ghost closely misses you.
The dart slug closely misses you.
ThereIsNoGod's ghost says, "You will join me soon!"
You see here a club.
You hit the dart slug.
You bite the dart slug, but do no damage.
The dart slug is heavily wounded.
ThereIsNoGod's ghost hits you!
Ouch! That really hurt!
The dart slug barely misses you.
You hit the dart slug.
The dart slug is heavily wounded.
ThereIsNoGod's ghost hits you!
You die...

#...........
#...........
#......####
#.....w# # ≈
#####..# .#≈≈
##.#### ≈≈≈≈≈
#.##.#≈≈≈≈≈≈
###.##..≈#≈≈≈
####..)#@W≈≈≈#
.....?..w.≈≈≈≈#
..........≈≈≈≈≈≈≈
...........≈≈≈≈≈≈.
.........#≈≈≈≈≈≈≈.
.......#.#≈≈#≈≈≈≈≈
########..##≈≈≈≈≈#
##. ≈≈≈≈≈ . ≈≈


You could see ThereIsNoGod's ghost and a dart slug.

Vanquished Creatures
  A worm (D:2)
  3 dart slugs
  2 giant geckos (D:1)
  3 orcs (D:3)
  A bat (D:1)
  3 giant cockroaches
  4 goblins (D:1)
  4 hobgoblins
  3 quokkas (D:2)
  A giant newt (D:2)
  3 kobolds
  3 rats
31 creatures vanquished.

Notes
Turn   | Place    | Note
--------------------------------------------------------------
     0 | D:1      | mopl the Vine Stalker Wanderer began the quest for the Orb.
     0 | D:1      | mopl set off with: a +2 short sword, the Grimoire of Transmutation, a potion of curing, a +0 robe, a +0 dagger, a bread ration
     0 | D:1      | Reached XP level 1. HP: 10/10 MP: 3/3
     0 | D:1      | Identified the Grimoire of Transmutation
   135 | D:1      | Reached XP level 2. HP: 10/14 MP: 4/4
   279 | D:1      | Reached skill level 1 in Throwing
   612 | D:2      | Reached XP level 3. HP: 18/18 MP: 5/5
  1014 | D:3      | Noticed ThereIsNoGod's ghost (weakling MiGl)
  1023 | D:3      | Slain by ThereIsNoGod's ghost

Skill      XL: |  1  2 |
---------------+-------+-----
Throwing       | 1 |  1.4
Fighting       | |  1.8
Short Blades   | |  1.7
Dodging        | |  1.0
Stealth        | |  2.9
Spellcasting   | |  1.1
Conjurations   | |  3.0
Charms         | |  1.0

Action                   || total
-------------------------++-------
Melee: Short sword       ||    91
       Bite              ||    26
 Stab: Sleeping          ||     4
Armor: Robe              ||    11
Dodge: Dodged            ||    44
Block: Other             ||     2
